 Dungeon Crawl Stone Soup version 0.30-a0-1018-g25214051b3 (webtiles) character file.

Game seed: 7910002563276746978

2 cheesebisquit the Grave Robber (level 1, 0/14 HPs)
             Began as a Ghoul Necromancer on Apr 7, 2023.
             Slain by a goblin
             ... wielding a +0 club
              (4 damage)
             ... on level 1 of the Dungeon.
             The game lasted 00:01:07 (71 turns).

cheesebisquit the Grave Robber (Ghoul Necromancer)    Turns: 71, Time: 00:01:07

Health: 0/14       AC:  2    Str: 11    XL:     1   Next: 40%
Magic:  2/2        EV: 12    Int: 10    God:
Gold:   14         SH:  0    Dex:  9    Spells: 2/3 levels left

rFire   . . .      SeeInvis .    (no weapon)
rCold   + . .      Faith    .    (no shield)
rNeg    + + +      Spirit   .    a - +0 robe
rPois   ∞          Reflect  .    (no helmet)
rElec   .          Rampage  .    (no cloak)
rCorr   .                        (no gloves)
Will    .....                    (no boots)
Stlth   ++                       (no amulet)
HPRegen 0.00/turn                (no ring)
MPRegen 0.08/turn                (no ring)

@: inhibited regen
A: claws 1, cold resistance 1, negative energy resistance 3, inhibited
regeneration, torment resistance 2, devour on kill
a: no special abilities


You were on level 1 of the Dungeon.
You visited 1 branch of the dungeon, and saw 1 of its levels.

You collected 14 gold pieces.

Inventory:

Armour
 a - a +0 robe (worn)
Potions
 b - a potion of magic
 c - a potion of flight {unknown}


   Skills:
 + Level 0.3 Fighting
 - Level 1.7 Dodging
 - Level 2.1 Stealth
 * Level 0.6 Unarmed Combat
 - Level 1.7 Spellcasting
 - Level 4.0 Necromancy


You had 2 spell levels left.
You knew the following spells:

 Your Spells              Type           Power      Damage    Failure   Level
a - Necrotise             Necr           32%        1d5       6%          1

Your spell library contained the following spells:

 Spells                   Type           Power      Damage    Failure   Level
 Vampiric Draining        Necr           8%         2d6       19%         3
 Animate Dead             Necr           8%         N/A       52%         4
 Agony                    Necr           8%         N/A       86%         5


Dungeon Overview and Level Annotations

Branches:
Dungeon (1/15)

Altars:


Innate Abilities, Weirdness & Mutations

You are immune to poison.
You have sharp fingernails.
Your flesh is cold resistant. (rC+)
You are immune to negative energy. (rN+++)
You do not regenerate when monsters are visible.
You are immune to unholy pain and torment.
You thrive by killing the living.


Message History

The bat hits you. The bat hits you but does no damage.
You closely miss the bat.
The bat is moderately wounded.
The bat closely misses you. The bat hits you but does no damage.
You barely miss the bat.
The bat is moderately wounded.
The bat closely misses you.
You closely miss the bat.
The bat is moderately wounded.
The bat closely misses you.
You scratch the bat but do no damage.
The bat is moderately wounded.
The bat closely misses you. The bat closely misses you. x2
You barely miss the bat.
The bat is moderately wounded.
The bat closely misses you. The bat closely misses you.
You scratch the bat.
You kill the bat!
You feel better.
No target in view!
No target in view!
A goblin comes into view. It is wielding a +0 club.
You see here a bat corpse.
A dart slug comes into view.
An endoplasm comes into view.
The goblin hits you but does no damage.
You miss the goblin. The goblin hits you with a +0 club.
You miss the goblin. The dart slug launches a dart at you.
The slug dart hits you. The goblin misses you.
You barely miss the goblin. The dart slug launches a dart at you.
The slug dart hits you. The goblin hits you with a +0 club.
* * * LOW HITPOINT WARNING * * *
You are too injured to fight recklessly!
The goblin attacks as you move away! The goblin hits you with a +0 club.
You die...

..J......###
..........
#........### ##
#..!....... .#
#.......w# .#
#.......# #.#
#....# ###.# #g#
#####...# #
##@#####.......#
#.##>†......###...#
## #.......#####
##..# #. #.##..#.#
#.†# #. #.....#.#
#..# #. #..#..#.#
#..###. #..##.#.#
#...#.# #. #....
......#..## #.
#.#.. ......#...#


You could see a dart slug and a goblin.

Vanquished Creatures
  2 bats (D:1)
2 creatures vanquished.

Notes
Turn   | Place    | Note
-------+----------+-------------------------------------------
     0 | D:1      | cheesebisquit the Ghoul Necromancer began the quest for the
                  | Orb.
     0 | D:1      | Reached XP level 1. HP: 14/14 MP: 2/2
    71 | D:1      | Slain by a goblin

Illustrated notes

Levels and vault maps discovered:
D:1:      saegor_arrival_simple_c, layout_loops_ring

Action                     || total
---------------------------++-------
  Melee: Unarmed           ||    15
 Armour: Robe              ||     8
  Dodge: Dodged            ||    14

Table legend: (Time is in decaauts)
 A = Elapsed time spent in this place.
 B = Non-inter-level travel time spent in this place.
 C = Inter-level travel time spent in this place.
 D = Time resting spent in this place.
 E = Time spent auto-exploring this place.
 F = Levels seen in this place.
 G = Mean time per level.
                   A        B        C        D        E       F      G
               +--------+--------+--------+--------+--------+-----+--------+
         Total |     71 |     71 |      0 |      0 |     38 |   1 |   71.0 |
       Dungeon |     71 |     71 |      0 |      0 |     38 |   1 |   71.0 |
               +--------+--------+--------+--------+--------+-----+--------+

Top non-repeatable levels by time:
     D:1: 71 daAuts
